 Dungeon Crawl Stone Soup version 0.23.1 (webtiles) character file.

Game seed: 2376085703318372139

232 redwoodhats the Stinger (level 5, -7/40 HPs)
             Began as a Draconian Venom Mage on Mar 8, 2019.
             Mangled by a crocodile (15 damage)
             ... on level 2 of the Dungeon.
             The game lasted 00:12:12 (1939 turns).

redwoodhats the Stinger (Draconian Venom Mage)      Turns: 1939, Time: 00:12:12

Health: -7/40      AC:  5    Str: 10    XL:     5   Next: 73%
Magic:  6/9        EV: 12    Int: 16    God:
Gold:   114        SH:  0    Dex: 12    Spells: 6/10 levels left

rFire    . . .     SeeInvis .   i - +1 hand axe (freeze)
rCold    . . .     Gourm    .   (no shield)
rNeg     . . .     Faith    .   (armour unavailable)
rPois    .         Spirit   .   (helmet restricted)
rElec    .         Reflect  .   (no cloak)
rCorr    .         Harm     .   (no gloves)
MR       .....                  (no boots)
Stlth    ++........             (no amulet)
HPRegen  0.13/turn              (no ring)
MPRegen  0.11/turn              (no ring)

@: no status effects
A: unfitting armour, cold-blooded, AC +5
a: no special abilities


You were on level 2 of the Dungeon.
You were not hungry.

You visited 1 branch of the dungeon, and saw 3 of its levels.

You collected 114 gold pieces.

Inventory:

Hand Weapons
 a - a +0 dagger
 g - a +1 hunting sling of flaming
 i - a +1 hand axe of freezing (weapon)
Missiles
 h - 3 tomahawks (quivered)
 k - 35 sling bullets
Scrolls
 e - 2 scrolls of amnesia
 f - a scroll of identify
 l - 2 scrolls of teleportation
Potions
 c - a potion of ambrosia {unknown}
 d - a potion of heal wounds
Comestibles
 b - 3 rations


   Skills:
 + Level 1.0 Fighting
 + Level 0.1 Short Blades
 + Level 1.9 Slings
 + Level 2.5 Dodging
 + Level 2.0 Stealth
 + Level 0.3 Unarmed Combat
 + Level 3.1 Spellcasting
 + Level 2.3 Conjurations
 + Level 0.1 Air Magic
 + Level 3.9 Poison Magic


You had 6 spell levels left.
You knew the following spells:

 Your Spells              Type           Power        Failure   Level  Hunger
a - Sting                 Conj/Pois      ##..         4%          1    None
b - Mephitic Cloud        Conj/Pois/Air  #.......     22%         3    ###....

Your spell library contained the following spells:

 Spells                   Type           Power        Failure   Level  Hunger
 Poisonous Vapours        Pois/Air       #.....       12%         2    ##.....
 Olgreb's Toxic Radiance  Pois           ###.....     34%         4    ####...
 Venom Bolt               Conj/Pois      ##........   80%         5    ######.


Dungeon Overview and Level Annotations

Branches:
Dungeon (3/15)

Altars:
Trog
Uskayaw


Innate Abilities, Weirdness & Mutations

Your plain brown scales are hard. (AC +5)
You cannot fit into any form of body armour.
You are cold-blooded and may be slowed by cold attacks.


Message History

The crocodile is almost dead.
The crocodile barely misses you.
You feel much better.
The crocodile bites you but does no damage.
Casting: Sting (safe; 4% risk of failure)
Confirm with . or Enter, or press ? or * to list all spells.
Aiming: Sting (safe; 4% risk of failure)
Press: ? - help, Shift-Dir - straight line, f/p - crocodile
Aim: a crocodile (almost dead, poisoned)
The sting hits the crocodile.
The crocodile looks even sicker.
The crocodile is almost dead.
The crocodile bites you!
* * * LOW HITPOINT WARNING * * *
Casting: Sting (safe; 4% risk of failure)
Confirm with . or Enter, or press ? or * to list all spells.
Aiming: Sting (safe; 4% risk of failure)
Press: ? - help, Shift-Dir - straight line, f/p - crocodile
Aim: a crocodile (almost dead, poisoned)
The sting misses the crocodile.
The crocodile bites you!
You die...

## #.. #.# ##
... .# ##.###.#
#.#...#@.######
....(.t........
...
###...#.######.
.... ##.##.#
..# ####.# ...
..##.# #+#.#
#.##.# #.#.#
#.##.#
###.#.#####
#.##.#


You could see a crocodile.

Vanquished Creatures
  Sigmund (D:3)
  Jessica (D:2)
  An adder (D:2)
  A worm (D:2)
  2 dart slugs (D:1)
  3 leopard geckos (D:1)
  2 giant cockroaches
  4 goblins
  5 hobgoblins
  A quokka (D:2)
  2 ball pythons
  7 bats
  4 frilled lizards
  5 kobolds
  7 rats
46 creatures vanquished.

Notes
Turn   | Place    | Note
-------+----------+-------------------------------------------
     0 | D:1      | redwoodhats the Draconian Venom Mage began the quest for
                  | the Orb.
     0 | D:1      | Reached XP level 1. HP: 14/14 MP: 3/3
   237 | D:1      | Reached XP level 2. HP: 20/20 MP: 0/5
  1032 | D:1      | Reached XP level 3. HP: 22/26 MP: 0/6
  1279 | D:1      | Learned a level 3 spell: Mephitic Cloud
  1444 | D:2      | You fall through a shaft!
  1456 | D:3      | Noticed Sigmund
  1465 | D:3      | Killed Sigmund
  1465 | D:3      | Reached skill level 1 in Fighting
  1465 | D:3      | Reached skill level 1 in Slings
  1465 | D:3      | Reached XP level 4. HP: 31/35 MP: 1/8
  1465 | D:3      | Reached XP level 5. HP: 36/40 MP: 1/9
  1656 | D:2      | Noticed Jessica
  1663 | D:2      | Killed Jessica
  1757 | D:2      | Found a bloodstained altar of Trog.
  1757 | D:2      | Found a hide-covered altar of Uskayaw.
  1923 | D:2      | Noticed a crocodile
  1935 | D:2      | HP: 2/40 [crocodile (15)]
  1939 | D:2      | Mangled by a crocodile

Skill      XL: |  1  2  3  4  5 |
---------------+----------------+-----
Dodging        | 2 |  2.5
Fighting       | 1 |  1.0
Slings         | 1 |  1.9
Stealth        | 2 |  2.0
Conjurations   | 2 |  2.3
Spellcasting   | 3 |  3.1
Short Blades   | |  0.1
Unarmed Combat | |  0.3
Air Magic      | |  0.1
Poison Magic   | |  3.9

Action                   |  1- 3 |  4- 6 || total
-------------------------+-------+-------++-------
Melee: Unarmed           |     8 |       ||     8
       Dagger            |    24 |       ||    24
       Tailslap          |     1 |     3 ||     4
       Hand axe          |       |    17 ||    17
 Fire: Hunting sling     |    23 |     3 ||    26
Throw: Tomahawk          |       |     1 ||     1
 Cast: Sting             |    50 |    13 ||    63
       Mephitic Cloud    |     1 |       ||     1
  Use: Scroll            |     4 |     2 ||     6
       Potion            |     2 |     1 ||     3
  Eat: Ration            |     1 |     1 ||     2
Armor: Skin              |    21 |     4 ||    25
Dodge: Dodged            |    71 |    13 ||    84
